Map: Whirlwind LE (Void)

Players

MCanning - Winner!

  • Race: Protoss Protoss
  • League: Grandmaster
  • Spawn Location: 5:00

roberto

  • Race: Zerg Zerg
  • League: Master
  • Spawn Location: 7:00

VOD

Have the link to the VOD?

Description

Time

  • Played on: Dec. 18, 2016, 11:55 p.m.
  • Length: 13:12
Show
View Real Time Build Order
Export as new Build Order

MCanning Protoss - Winner!

Build Orders: Nexus First, Zealot Archon, Dark Templar Rush 

Get SALT Encoding   

  12  0:02  Probe (Chrono Boost)  
  13  0:16  Probe (Chrono Boost)  
  14  0:22  Pylon  
  14  0:29  Probe (Chrono Boost)  
  15  0:41  Probe (Chrono Boost)  
  16  0:51  Probe (Chrono Boost)  
  17  1:01  Nexus  
  17  1:13  Gateway  
  17  1:15  Probe (Chrono Boost)  
  18  1:26  Assimilator, Probe (Chrono Boost)  
  18  1:30  Assimilator  
  19  1:36  Probe (Chrono Boost)  
  21  1:47  Probe (Chrono Boost)  
  21  1:57  Probe (Chrono Boost)  
  22  2:04  Cybernetics Core  
  22  2:08  Probe (Chrono Boost)  
  23  2:12  Pylon  
  23  2:14  Probe (Chrono Boost)  
  24  2:18  Probe (Chrono Boost)  
  25  2:24  Probe (Chrono Boost), Zealot  
  25  2:29  Probe (Chrono Boost)  
  29  2:35  Probe (Chrono Boost)  
  30  2:40  Probe (Chrono Boost)  
  30  2:42  Twilight Council  
  30  2:43  Warp Gate  
  31  2:46  Pylon  
  31  2:48  Probe (Chrono Boost)  
  31  2:50  Probe (Chrono Boost)  
  33  2:56  Stalker  
  35  2:59  Probe (Chrono Boost)  
  35  3:01  Probe (Chrono Boost)  
  37  3:09  Probe (Chrono Boost)  
  37  3:12  Probe (Chrono Boost)  
  39  3:16  Robotics Facility  
  40  3:20  Probe (Chrono Boost)  
  40  3:23  Probe (Chrono Boost)  
  41  3:30  Probe (Chrono Boost)  
  41  3:33  Probe (Chrono Boost)  
  43  3:37  Dark Shrine  
  43  3:41  Probe (Chrono Boost)  
  44  3:44  Probe (Chrono Boost)  
  45  3:48  Gateway  
  45  3:50  Gateway x2  
  45  3:55  Assimilator  
  45  3:58  Probe (Chrono Boost)  
  45  4:01  Assimilator, Pylon  
  46  4:05  Warp Prism  
  46  4:09  Pylon  
  46  4:15  Probe x2 (Chrono Boost)  
  50  4:28  Mothership Core (Chrono Boost)  
  50  4:30  Pylon  
  52  4:36  Probe (Chrono Boost)  
  53  4:41  Observer  
  54  4:46  Probe (Chrono Boost)  
  54  4:48  Probe (Chrono Boost)  
  56  4:56  Probe (Chrono Boost)  
  56  4:57  Dark Templar x2  
  56  4:58  Dark Templar x2  
  66  5:00  Probe (Chrono Boost)  
  66  5:04  Archon x2, Nexus  
  67  5:07  Probe (Chrono Boost), Pylon  
  67  5:10  Pylon  
  67  5:12  Probe (Chrono Boost)  
  68  5:17  Probe (Chrono Boost)  
  69  5:22  Probe (Chrono Boost)  
  69  5:23  Forge  
  69  5:28  Probe (Chrono Boost)  
  71  5:33  Probe (Chrono Boost)  
  72  5:40  Blink  
  72  5:42  Probe (Chrono Boost)  
  73  5:43  Probe (Chrono Boost)  
  73  5:47  Robotics Bay, Sentry  
  76  5:51  Gateway x2  
  76  5:53  Probe (Chrono Boost), Immortal  
  76  5:54  Probe (Chrono Boost)  
  82  6:03  Probe (Chrono Boost)  
  83  6:05  Probe (Chrono Boost)  
  83  6:10  Protoss Ground Weapons Level 1  
  84  6:14  Probe (Chrono Boost)  
  84  6:16  Probe (Chrono Boost)  
  82  6:20  Probe (Chrono Boost)  
  82  6:24  Probe (Chrono Boost)  
  82  6:25  Pylon  
  80  6:26  Stalker  
  80  6:27  Stalker x3  
  80  6:28  Probe (Chrono Boost)  
  80  6:31  Probe (Chrono Boost)  
  90  6:35  Probe (Chrono Boost)  
  90  6:36  Disruptor  
  92  6:40  Probe (Chrono Boost)  
  95  6:52  Assimilator  
  95  6:53  Assimilator  
  95  6:55  Photon Cannon  
  95  6:57  Probe (Chrono Boost)  
  96  7:06  Gateway x2  
  96  7:07  Disruptor  
  96  7:08  Adept  
  98  7:09  Dark Templar  
  98  7:10  Pylon  
  103  7:16  Stalker x4  
  111  7:29  Photon Cannon  
  112  7:31  Probe (Chrono Boost), Pylon  
  112  7:38  Disruptor  
  112  7:42  Probe (Chrono Boost)  
  114  7:44  Photon Cannon  
  114  7:46  Photon Cannon  
  114  7:49  Stargate x2  
  114  7:50  Zealot  
  114  7:51  Pylon  
  114  7:55  Pylon  
  114  8:03  Zealot x2, Dark Templar x2  
  114  8:04  Zealot  
  124  8:09  Archon  
  124  8:10  Probe (Chrono Boost)  
  125  8:19  Dark Templar  
  127  8:20  Dark Templar  
  127  8:21  Zealot  
  127  8:22  Nexus  
  127  8:23  Pylon  
  127  8:25  Archon, Stalker  
  127  8:26  Probe (Chrono Boost), Stalker x2  
  138  8:29  Pylon  
  138  8:30  Pylon  
  138  8:46  Adept x3  
  144  8:49  Dark Templar, Photon Cannon  
  144  8:50  Dark Templar  
  144  8:54  Phoenix  
  144  8:55  Phoenix  
  145  9:16  Stalker x5  
  153  9:25  Phoenix  
  153  9:26  Phoenix  
  153  9:30  Photon Cannon  
  130  9:46  Adept  
  130  9:47  Adept x5  
  130  9:48  Phoenix, Adept  
  130  9:50  Phoenix  
  101  10:29  Dark Templar x2  
  81  10:47  Probe (Chrono Boost)  
  74  11:37  Pylon  
  74  11:38  Pylon  
  74  11:56  Probe (Chrono Boost)  
  74  12:00  Pylon  
  75  12:08  Probe (Chrono Boost)  
  72  12:19  Probe (Chrono Boost)  
  73  12:29  Probe (Chrono Boost)  
  74  12:40  Probe (Chrono Boost)  
Show
View Real Time Build Order
Export as new Build Order

roberto Zerg 

Build Orders: Hatch First, Muta Ling Bane 

Get SALT Encoding   

  12  0:01  Drone  
  13  0:08  Drone  
  14  0:16  Overlord  
  14  0:23  Extractor  
  14  0:24  Drone  
  15  0:35  Drone  
  16  0:36  Drone  
  17  0:52  Hatchery  
  17  0:54  Drone  
  17  0:58  Drone  
  18  1:08  Extractor  
  17  1:14  Spawning Pool  
  17  1:16  Drone  
  17  1:20  Drone  
  18  1:33  Drone  
  19  1:40  Overlord  
  19  1:56  Drone  
  19  1:59  Drone  
  21  2:03  Queen  
  21  2:06  Drone  
  24  2:11  Queen  
  24  2:13  Metabolic Boost, Drone  
  27  2:16  Zergling x2  
  27  2:21  Drone  
  29  2:28  Drone  
  30  2:37  Hatchery  
  29  2:45  Overlord  
  29  2:47  Drone x2  
  31  2:51  Queen  
  31  2:54  Drone  
  31  2:57  Drone  
  35  3:09  Drone x3  
  38  3:17  Overlord, Drone x2  
  38  3:19  Drone x2  
  42  3:20  Drone  
  43  3:30  Overlord  
  43  3:31  Drone  
  44  3:34  Queen  
  44  3:35  Drone x2  
  44  3:41  Drone  
  49  3:42  Drone  
  50  3:50  Drone x2  
  50  3:51  Roach Warren  
  50  3:53  Extractor  
  51  3:55  Drone  
  51  3:56  Baneling Nest, Drone  
  51  4:03  Drone x2  
  51  4:07  Spore Crawler  
  51  4:09  Spore Crawler  
  51  4:11  Overlord  
  51  4:16  Drone  
  52  4:18  Drone  
  52  4:20  Drone x4  
  57  4:24  Spore Crawler  
  57  4:26  Overlord  
  57  4:28  Drone  
  57  4:33  Roach x4  
  65  4:39  Overlord  
  65  4:41  Zergling x2  
  66  4:46  Lair  
  66  4:50  Spine Crawler  
  66  4:51  Zergling x2  
  66  4:52  Roach  
  68  4:57  Roach  
  68  4:58  Zergling x2  
  71  5:01  Overlord  
  71  5:02  Drone x2  
  71  5:03  Drone  
  71  5:05  Overlord  
  73  5:09  Roach  
  73  5:10  Drone x3  
  73  5:14  Extractor  
  77  5:20  Hatchery  
  76  5:22  Drone  
  76  5:23  Evolution Chamber  
  76  5:24  Evolution Chamber  
  71  5:36  Queen  
  71  5:42  Drone x3  
  72  5:43  Drone x5  
  72  5:44  Drone  
  72  5:49  Glial Reconstitution  
  78  5:51  Zerg Ground Armor Level 1  
  78  5:53  Extractor, Drone x3  
  78  5:54  Drone x6  
  86  5:59  Extractor  
  85  6:06  Overlord  
  85  6:14  Overseer  
  85  6:18  Extractor  
  84  6:20  Drone x2  
  84  6:21  Drone x2  
  84  6:22  Drone  
  89  6:28  Overlord  
  89  6:31  Zerg Melee Weapons Level 1  
  89  6:32  Zergling x2  
  90  6:36  Roach x2  
  94  6:46  Overseer  
  94  6:49  Overlord  
  94  6:50  Roach x9  
  94  6:51  Roach  
  94  6:54  Zergling x2  
  115  6:55  Hatchery  
  115  6:58  Drone x3  
  117  7:01  Zergling x2  
  117  7:02  Spire  
  117  7:04  Drone  
  118  7:09  Ravager  
  118  7:10  Ravager x2  
  121  7:16  Overlord x2  
  121  7:21  Overlord  
  121  7:23  Baneling x4  
  121  7:32  Spine Crawler  
  121  7:37  Zergling x2  
  121  7:40  Zergling x6  
  121  7:41  Zergling x32  
  137  7:47  Queen  
  139  7:51  Overlord  
  139  7:54  Spine Crawler, Zergling x2  
  139  7:55  Zergling x10  
  144  7:58  Overlord  
  144  8:01  Hatchery  
  144  8:05  Baneling x6  
  143  8:06  Baneling x20  
  143  8:13  Drone  
  143  8:16  Mutalisk  
  146  8:25  Spine Crawler x2  
  146  8:26  Overseer  
  144  8:27  Centrifical Hooks  
  144  8:28  Spore Crawler  
  144  8:30  Mutalisk x2, Drone  
  148  8:37  Zerg Melee Weapons Level 2  
  148  8:40  Drone  
  148  8:41  Drone x3  
  150  8:45  Zergling x10  
  150  8:46  Zergling x2  
  158  8:50  Overlord  
  150  9:05  Zergling x28  
  150  9:09  Zergling x2  
  165  9:17  Mutalisk x2, Overlord, Roach  
  153  9:18  Mutalisk  
  153  9:19  Zergling x2  
  153  9:23  Pneumatized Carapace  
  154  9:26  Overseer x2  
  152  9:34  Zergling x12  
  150  9:42  Baneling x7  
  150  9:43  Baneling x4  
  147  9:49  Mutalisk  
  147  9:50  Zergling x2  
  147  9:51  Zergling x2  
  136  10:10  Zergling x2  
  108  10:19  Baneling x8  
  108  10:20  Baneling x15  
  94  10:22  Zergling x2  
  62  10:44  Drone  
  62  10:45  Drone  
  58  11:47  Extractor  
Tags
 
Add a new tag
Caveats
  • Supply blocks, unpowered buildings, or Contaminate may cause inaccurate times.
  • Supply counts are checked every 10 seconds.